Map: Dusk Towers

Players

IamDrizzt

  • Race: Protoss Protoss
  • League: Diamond

MorN - Winner!

  • Race: Terran Terran
  • League: Platinum

VOD

Have the link to the VOD?

Description

Time

  • Played on: Nov. 11, 2015, 9:19 p.m.
  • Length: 8:10
Show
View Real Time Build Order
Export as new Build Order

IamDrizzt Protoss 

Build Orders:  

Get SALT Encoding   

  12  0:03  Probe (Chrono Boost)  
  13  0:14  Probe (Chrono Boost)  
  14  0:18  Pylon  
  14  0:24  Probe (Chrono Boost)  
  15  0:36  Probe (Chrono Boost)  
  15  0:40  Gateway  
  16  0:47  Probe (Chrono Boost)  
  17  0:51  Assimilator  
  17  0:58  Probe (Chrono Boost)  
  18  1:06  Gateway  
  18  1:09  Probe (Chrono Boost)  
  19  1:19  Probe (Chrono Boost)  
  19  1:22  Pylon  
  20  1:31  Cybernetics Core  
  20  1:37  Probe (Chrono Boost)  
  21  1:43  Assimilator  
  21  1:56  Probe (Chrono Boost)  
  22  2:06  Probe (Chrono Boost)  
  23  2:11  Adept x2  
  23  2:12  Warp Gate  
  27  2:17  Probe (Chrono Boost)  
  28  2:25  Pylon  
  28  2:29  Mothership Core (Chrono Boost)  
  30  2:37  Pylon  
  30  3:05  Adept x2, Pylon  
  34  3:06  Probe (Chrono Boost)  
  35  3:17  Probe (Chrono Boost)  
  36  3:21  Nexus  
  36  3:31  Pylon  
  36  3:49  Pylon  
  36  3:53  Probe (Chrono Boost)  
  35  4:03  Probe (Chrono Boost)  
  36  4:14  Probe (Chrono Boost)  
  35  4:24  Robotics Facility  
  33  4:25  Probe (Chrono Boost)  
  34  4:35  Probe (Chrono Boost)  
  35  4:41  Probe (Chrono Boost)  
  36  4:46  Probe (Chrono Boost)  
  36  4:51  Probe (Chrono Boost)  
  36  4:56  Probe (Chrono Boost)  
  37  5:00  Pylon  
  37  5:02  Probe (Chrono Boost)  
  38  5:07  Mothership Core (Chrono Boost)  
  38  5:11  Warp Prism  
  38  5:12  Probe (Chrono Boost)  
  41  5:20  Assimilator  
  41  5:21  Assimilator  
  41  5:22  Pylon  
  41  5:23  Probe (Chrono Boost)  
  41  5:25  Probe (Chrono Boost)  
  43  5:33  Probe (Chrono Boost)  
  44  5:36  Gateway x2  
  44  5:40  Gateway  
  44  5:41  Forge  
  44  5:45  Probe x2 (Chrono Boost)  
  46  5:52  Pylon  
  46  6:00  Pylon  
  46  6:01  Probe (Chrono Boost)  
  46  6:03  Observer  
  48  6:07  Probe (Chrono Boost), Nexus  
  50  6:11  Probe (Chrono Boost)  
  50  6:13  Protoss Ground Weapons Level 1 (Chrono Boost)  
  50  6:20  Photon Cannon  
  50  6:23  Photon Cannon  
  50  6:24  Observer  
  51  6:30  Probe x2 (Chrono Boost)  
  53  6:37  Pylon  
  53  6:40  Probe x2 (Chrono Boost)  
  55  6:49  Robotics Bay  
  55  6:50  Adept x3  
  55  6:52  Adept  
  63  6:56  Observer  
  64  7:05  Probe (Chrono Boost)  
  64  7:06  Probe (Chrono Boost)  
  66  7:13  Twilight Council  
  66  7:15  Probe  
  66  7:17  Observer (Chrono Boost)  
  66  7:18  Probe  
  66  7:21  Stalker x3  
  75  7:22  Zealot  
  67  7:32  Adept  
  67  7:33  Adept x4  
  72  7:55  Adept x3  
  72  7:56  Adept  
Show
View Real Time Build Order
Export as new Build Order

MorN Terran - Winner!

Build Orders: Command Center First (CC) 

Get SALT Encoding   

  12  0:01  SCV  
  13  0:13  SCV  
  14  0:17  Supply Depot  
  14  0:25  SCV  
  15  0:39  SCV  
  16  0:57  Command Center  
  16  1:01  SCV  
  17  1:14  SCV  
  17  1:16  Barracks  
  18  1:31  SCV  
  19  1:44  SCV  
  19  1:45  Refinery  
  20  1:56  SCV  
  21  2:03  Marine  
  22  2:10  Orbital Command  
  22  2:11  Orbital Command  
  22  2:22  Marine  
  22  2:29  Bunker  
  23  2:39  SCV, Barracks  
  23  2:40  Barracks  
  23  2:41  Barracks Reactor  
  24  2:50  SCV  
  25  2:51  SCV  
  25  3:02  SCV  
  25  3:04  SCV  
  27  3:07  Supply Depot  
  27  3:15  SCV  
  27  3:17  SCV  
  29  3:20  Marine x2  
  29  3:26  Marine  
  33  3:27  SCV, Barracks Tech Lab  
  33  3:30  Factory  
  33  3:31  SCV  
  34  3:38  Marine x2  
  36  3:44  Marine  
  36  3:46  Marine  
  38  3:51  Bunker  
  38  4:07  Marine  
  38  4:10  Marine  
  38  4:12  Marine  
  38  4:17  Starport, Factory Reactor  
  38  4:19  SCV  
  38  4:31  SCV  
  38  4:33  Marine  
  38  4:35  Marine  
  38  4:36  Marine  
  38  4:38  Marine  
  38  4:44  Refinery  
  38  4:45  Engineering Bay  
  38  4:57  SCV  
  38  5:13  Stimpack  
  38  5:20  Refinery  
  38  5:22  Command Center  
  38  5:32  Supply Depot  
  38  5:44  Supply Depot  
  38  5:46  Missile Turret  
  38  5:47  Terran Infantry Weapons Level 1  
  38  5:50  Barracks Tech Lab  
  38  5:54  SCV x2, Medivac  
  42  6:00  Barracks  
  42  6:02  Barracks  
  42  6:04  Marine x2  
  42  6:05  Marauder  
  42  6:06  SCV x2  
  42  6:07  Medivac  
  50  6:18  SCV x2, Marauder  
  54  6:31  Supply Depot x2  
  54  6:32  Supply Depot  
  54  6:33  Medivac, Marine x2  
  54  6:34  SCV x2, Marauder  
  54  6:35  Orbital Command  
  54  6:38  Factory Reactor  
  54  6:39  Marauder  
  64  6:46  SCV  
  65  6:47  SCV  
  65  6:48  Supply Depot  
  65  6:51  Barracks Reactor, Barracks Tech Lab  
  66  6:58  SCV  
  66  6:59  SCV  
  68  7:03  SCV  
  69  7:10  SCV  
  69  7:13  SCV  
  71  7:15  SCV  
  71  7:17  Marine x2  
  71  7:18  Marauder  
  71  7:38  SCV  
Tags
 
Add a new tag
Caveats
  • Supply blocks, unpowered buildings, or Contaminate may cause inaccurate times.
  • Supply counts are checked every 10 seconds.